 Dungeon Crawl Stone Soup version 0.28-a0-773-g130ae17fe5 (webtiles) character file.

Game seed: 1094350621089289271

13 cheechan the Skirmisher (level 2, 0/28 HPs)
             Began as a Naga Fighter on Nov 1, 2021.
             Killed from afar by a dart slug (2 damage)
             ... with a slug dart
             ... on level 1 of the Dungeon.
             The game lasted 00:00:31 (134 turns).

cheechan the Skirmisher (Naga Fighter)               Turns: 134, Time: 00:00:32

Health: 0/28       AC:  4    Str: 18    XL:     2   Next: 37%
Magic:  2/2        EV:  7    Int:  8    God:
Gold:   28         SH:  4    Dex: 10    Spells: 1/1 levels left

rFire   . . .      SeeInvis +   a - +0 long sword
rCold   . . .      Faith    .   c - +0 buckler
rNeg    . . .      Spirit   .   b - +0 scale mail
rPois   +          Reflect  .   (no helmet)
rElec   .          Harm     .   (no cloak)
rCorr   .          Rampage  .   (no gloves)
Will    .....                   (no barding)
Stlth   ..........              (no amulet)
HPRegen 0.09/turn               (no ring)
MPRegen 0.08/turn               (no ring)

@: very slow
A: AC +0, large, see invisible, deformed body, poison resistance, slowness 2,
spit poison 1, naga tail 1
a: Spit Poison


You were on level 1 of the Dungeon.
You visited 1 branch of the dungeon, and saw 1 of its levels.

You collected 28 gold pieces.

Inventory:

Hand Weapons
 a - a +0 long sword (weapon)
Armour
 b - a +0 scale mail (worn)
 c - a +0 buckler (worn)
Potions
 d - a potion of might


   Skills:
 + Level 3.1 Fighting
 + Level 2.2 Long Blades
 + Level 2.6 Armour
 + Level 2.6 Shields


You had one spell level left.
You didn't know any spells.
Your spell library was empty.

Dungeon Overview and Level Annotations

Branches:
Dungeon (1/15)

Altars:

Shops:
D:1 [


Innate Abilities, Weirdness & Mutations

Your serpentine skin is tough. (AC +0)
You have supernaturally acute eyesight. (SInv)
Armour fits poorly on your strangely shaped body.
Your system is resistant to poisons. (rPois)
You cover ground very slowly.
You can spit poison.
You have a snake-like lower body.


Message History

You kill the jackal!
You hit the jackal.
The jackal is almost dead.
The jackal bites you. x2; The jackal closely misses you.
You barely miss the jackal.
The jackal is severely wounded.
You block the jackal's attack.
The jackal bites you but does no damage.
You block the jackal's attack.
The jackal bites you but does no damage.
You hit the jackal.
You kill the jackal!
The jackal bites you. The dart slug launches a dart at you.
The slug dart hits you.
* * * LOW HITPOINT WARNING * * *
You hit the kobold.
You kill the kobold!
The jackal bites you but does no damage.
A goblin comes into view. It is wielding a +0 club.
The jackal bites you but does no damage.
The dart slug launches a dart at you.
The slug dart hits you but does no damage.
The goblin moves out of view.
You closely miss the jackal. The jackal barely misses you.
You block the jackal's attack.
You hit the jackal.
The jackal is almost dead.
The jackal bites you but does no damage.
The jackal bites you.
* * * LOW HITPOINT WARNING * * *
The dart slug barely misses you.
Unknown command.
You hit the dart slug.
The dart slug is severely wounded.
The jackal bites you.
* * * LOW HITPOINT WARNING * * *
The dart slug launches a dart at you. The slug dart hits you.
You die...

#.....# #... .
#...#####
..h## .##
#.......#
#...###..#
##......#
#.#.......
#..#...#
##.#.......
##.#...#
#..........
#.#...#
#.#.....∩..
#.#...####.#w#
#.###.##...h@#
#.###..)..####
..#...#####
......#.#
......###
..... .....
.... ....


You could see a dart slug and a jackal.

Vanquished Creatures
  A dart slug (D:1)
  A giant cockroach (D:1)
  2 goblins (D:1)
  2 jackals (D:1)
  A kobold (D:1)
  A quokka (D:1)
  A ball python (D:1)
9 creatures vanquished.

Notes
Turn   | Place    | Note
-------+----------+-------------------------------------------
     0 | D:1      | cheechan the Naga Fighter began the quest for the Orb.
     0 | D:1      | Reached XP level 1. HP: 21/21 MP: 1/1
    49 | D:1      | Reached XP level 2. HP: 20/28 MP: 2/2
   122 | D:1      | Found Mamasa's Armour Emporium.
   134 | D:1      | Killed from afar by a dart slug

Illustrated notes

Levels and vault maps discovered:
D:1:      saegor_arrival_simple_a, layout_rooms, serial_shops, shop, shop, shop,
          nicolae_lakefront_shop, nicolae_shop_stone

Action                   || total
-------------------------++-------
Melee: Long sword        ||    32
Armor: Scale mail        ||    21
Dodge: Dodged            ||    16
Block: Buckler           ||     6

Table legend: (Time is in decaauts)
 A = Elapsed time spent in this place.
 B = Non-inter-level travel time spent in this place.
 C = Inter-level travel time spent in this place.
 D = Time resting spent in this place.
 E = Time spent auto-exploring this place.
 F = Levels seen in this place.
 G = Mean time per level.
                   A        B        C        D        E       F      G
               +--------+--------+--------+--------+--------+-----+--------+
         Total |    183 |    183 |      0 |      0 |      0 |   1 |  183.0 |
       Dungeon |    183 |    183 |      0 |      0 |      0 |   1 |  183.0 |
               +--------+--------+--------+--------+--------+-----+--------+

Top non-repeatable levels by time:
     D:1: 183 daAuts
